 Dungeon Crawl Stone Soup version 0.30.0-29-ga12c61a403 (webtiles) character file.

Game seed: 11226252141124074306

1763 NateTC the Grappler (level 8, -2/80 HPs)
             Began as a Troll Fighter on June 19, 2023.
             Was a Follower of Wu Jian.
             Slain by a steam dragon (4 damage)
             ... on level 6 of the Dungeon.
             The game lasted 00:18:17 (4936 turns).

NateTC the Grappler (Troll Fighter)                 Turns: 4936, Time: 00:18:17

Health: -2/80      AC:  4    Str: 30    XL:     8   Next: 79%
Magic:  7/7        EV: 10    Int:  6    God:    Wu Jian [*.....]
Gold:   265        SH:  8    Dex:  9    Spells: 7/7 levels left

rFire   x .          .
                       - Unarmed
rCold   . . .        b - +1 kite shield
rNeg    . . .        a - +0 robe
rPois   .            (helmet restricted)
rElec   +            (no cloak)
rCorr   .            (gloves unavailable)
SInv    .            (boots unavailable)
Will    .....        h - amulet "Guevucuu" {Fly rElec rF- Regen+ Str+5 Stlth+}
Stlth   ++           (no ring)
HPRegen 1.93/turn    (no ring)
MPRegen 0.10/turn

%: no passive effects
@: flying
A: large, unfitting armour, claws 3, regeneration 1, shaggy fur 1, tough skin 1
a: Renounce Religion


You were on level 6 of the Dungeon.
You worshipped Wu Jian.
Wu Jian was aware of your devotion.
You visited 2 branches of the dungeon, and saw 7 of its levels.

You collected 265 gold pieces.

Inventory:

Armour
 a - a +0 robe (worn)
 b - a +1 kite shield (worn)
Jewellery
 h - the amulet "Guevucuu" (around neck) {Fly rElec rF- Regen+ Str+5 Stlth+}
   (You found it on level 3 of the Dungeon)

   [amulet of regeneration]

   Str:       It affects your strength (+5).
   rF:        It makes you vulnerable to fire.
   rElec:     It insulates you from electricity.
   Fly:       It grants you flight.
   Regen:     It increases your rate of health regeneration.
   Stlth:     It makes you more stealthy.
Wands
 l - a wand of mindburst (1)
 o - a wand of flame (15)
Scrolls
 e - 3 scrolls of identify
 k - a scroll of magic mapping
 m - a scroll of enchant armour
 n - a scroll of fog
 p - a scroll of teleportation
 q - a scroll of enchant weapon
Potions
 c - 2 potions of might
 d - 2 potions of magic
 f - 2 potions of heal wounds
 g - 2 potions of lignification
 i - a potion of curing
 j - a potion of attraction
 r - a potion of berserk rage {unknown}


   Skills:
 + Level 5.3 Fighting
 + Level 5.3 Dodging
 - Level 2.6 Shields
 * Level 8.3 Unarmed Combat


You had 7 spell levels left.
You didn't know any spells.
Your spell library contained the following spells:

 Spells                   Type           Power      Damage    Failure   Level
 Blink                    Tloc           0%         N/A       82%         2
 Scorch                   Fire           0%         2d5       82%         2
 Flame Wave               Conj/Fire      0%         2d4       100%        4
 Manifold Assault         Tloc           0%         N/A       100%        4
 Summon Cactus Giant      Summ           0%         N/A       100%        6
 Storm Form               Tmut/Air       0%         N/A       100%        7


Dungeon Overview and Level Annotations

Branches:
Dungeon (6/15) Zot: 26418  Temple (1/1) D:4 Zot: 5985

Altars:
Cheibriados
Elyvilon
Fedhas
Kikubaaqudgha
Nemelex Xobeh
Qazlal
Trog
Vehumet
Wu Jian
Xom
Yredelemnul
The Shining One

Annotations:
D:3 3 runed translucent doors, bronco's ghost, amateur HuWn


Innate Abilities, Weirdness & Mutations

You are too large for most types of armour.
You have claws for hands.
Your natural rate of healing is unusually fast.
You are covered in fur. (AC +1)
You have tough skin. (AC +1)


Message History

A bullfrog is nearby!
A bullfrog is nearby!
The bullfrog gives a loud, deep croak!
The bullfrog closely misses you.
You mangle the bullfrog!!
You kill the bullfrog!
The Council accepts your kill.
Your life force feels restored.
You reach down and open the door.
You reach down and open the door.
There is an open door here.
Items here: ))) [[[.
Found an escape hatch in the floor.
A steam dragon is nearby!
The steam dragon hisses angrily.
You lunge at the steam dragon.
You mangle the steam dragon!!
The steam dragon is severely wounded.
The steam dragon breathes steam at you. The ball of steam hits you!!
The steam scalds you terribly!
You scratch the steam dragon.
The steam dragon is severely wounded.
You are engulfed in a cloud of scalding steam.
You scratch the steam dragon but do no damage.
The steam dragon is severely wounded.
You are engulfed in a cloud of scalding steam.
The steam dragon bites you. You block the steam dragon's attack.
You closely miss the steam dragon.
The steam dragon is severely wounded.
You are engulfed in a cloud of scalding steam.
* * * LOW HITPOINT WARNING * * *
The steam dragon closely misses you.
The steam dragon claws you but does no damage.
You closely miss the steam dragon.
The steam dragon is severely wounded.
You are engulfed in a cloud of scalding steam.
* * * LOW HITPOINT WARNING * * *
The steam dragon bites you.
* * * LOW HITPOINT WARNING * * *
The steam dragon claws you.
You die...

............#
............#
............#
..####......#
...###......#
#...........#
######.###### #
###'### ######## #
#.....# #..D@§§# #
#.....# #.####.#
####.....# #.#
#........# #.#
.........####.# #.#
....≈....'....# #.#
...§.....#########.#
+≈#§§.#### #....#.#
≈≈≈≈.....#
#.##.#.########


You could see a steam dragon.

Vanquished Creatures
  A water moccasin (D:5)
  3 black bears
  An ice beast (D:6)
  A centaur (D:6)
  2 phantoms
  A kobold brigand (D:6)
  2 bullfrogs (D:6)
  8 wights (D:6)
  2 hounds
  A sleepcap (D:5)
  A gnoll bouda (D:6)
  An orc priest (D:3)
  3 iguanas
  An orc wizard (D:3)
  Robin (D:4)
  4 adders
  8 gnolls
  2 worms
  4 dart slugs
  9 orcs
  6 ball pythons
  3 bats
  13 endoplasms
  A giant cockroach (D:3)
  17 goblins
  8 hobgoblins
  2 jackals (D:1)
  9 kobolds
  A quokka (D:4)
  4 frilled lizards
  4 rats
124 creatures vanquished.

Notes
Turn   | Place    | Note
-------+----------+-------------------------------------------
     0 | D:1      | NateTC the Troll Fighter began the quest for the Orb.
     0 | D:1      | Reached XP level 1. HP: 22/22 MP: 0/0
   169 | D:1      | Reached XP level 2. HP: 26/29 MP: 1/1
   462 | D:1      | You fall into a shaft and drop 1 floor!
   796 | D:2      | Reached XP level 3. HP: 34/36 MP: 2/2
   878 | D:2      | Reached skill level 3 in Unarmed Combat
  1477 | D:3      | Found a runed translucent gate.
  1477 | D:3      | Identified the +8 chain mail of Waifucwi {Int+2}
  1477 | D:3      | Noticed bronco's ghost (amateur HuWn)
  1478 | D:3      | Found a runed translucent gate.
  1479 | D:3      | Found a runed translucent gate.
  1513 | D:3      | Reached XP level 4. HP: 41/44 MP: 3/3
  1534 | D:3      | Identified the amulet "Guevucuu" {Fly rElec rF- Regen+
                  | Str+5 Stlth+}
  1644 | D:3      | Noticed a phantom
  1654 | D:3      | Killed a phantom
  1655 | D:3      | Reached skill level 4 in Unarmed Combat
  1655 | D:3      | Reached XP level 5. HP: 53/53 MP: 4/4
  1987 | D:3      | Found a bloodstained altar of Trog.
  2415 | D:4      | Noticed a phantom
  2434 | D:4      | Killed a phantom
  2435 | D:4      | Reached XP level 6. HP: 55/61 MP: 5/5
  2441 | D:4      | Reached skill level 5 in Unarmed Combat
  2588 | D:4      | Found a staircase to the Ecumenical Temple.
  2589 | D:4      | Found a blossoming altar of Fedhas.
  2595 | Temple   | Entered the Ecumenical Temple
  2602 | Temple   | Became a worshipper of the Wu Jian Council
  2629 | D:4      | Noticed Robin
  2659 | D:4      | Killed Robin
  2947 | D:4      | Reached * piety under Wu Jian
  2972 | D:4      | Reached XP level 7. HP: 68/68 MP: 6/6
  3533 | D:5      | Entered Level 5 of the Dungeon
  3594 | D:5      | Reached skill level 6 in Unarmed Combat
  3612 | D:5      | Identified the +0 helmet of Calculation {Fly rElec Stlth+}
  3879 | D:5      | Found a radiant altar of Vehumet.
  4352 | D:6      | Found a snail-covered altar of Cheibriados.
  4435 | D:6      | Reached XP level 8. HP: 77/79 MP: 7/7
  4479 | D:6      | Reached skill level 7 in Unarmed Combat
  4502 | D:6      | Found a stormy altar of Qazlal.
  4672 | D:6      | Reached skill level 5 in Fighting
  4672 | D:6      | Reached skill level 5 in Dodging
  4792 | D:6      | Reached skill level 8 in Unarmed Combat
  4804 | D:6      | Found a glowing golden altar of the Shining One.
  4936 | D:6      | HP: 2/80 [steam dragon (5)]
  4936 | D:6      | Slain by a steam dragon

Illustrated notes

Levels and vault maps discovered:
D:1:      scummos_arrival_hexagon, layout_loops_ring
D:2:      layout_basic
D:3:      layout_loops_cross, lemuel_doored_altar, serial_bayou,
          serial_bayou_pond_c, serial_bayou_pond_c, serial_bayou_lagoon_a,
          serial_bayou_shore_a, serial_bayou_crossing, serial_bayou_pond_e,
          biasface_ghost_orc_armoury, minmay_checkerbox
D:4:      layout_layer_cave, mainiacjoe_overflow_catwalk,
          minmay_temple_entry_tees, uniq_robin
D:5:      layout_basic, vehumet_crystals
D:6:      layout_basic, cheibriados_altar_1, nicolae_qazlal_general_emergency,
          mainiacjoe_overflow_surrounded_room
Temple:   hellmonk_temple_of_storms

Skill      XL: |  1  2  3  4  5  6  7  8 |
---------------+-------------------------+-----
Unarmed Combat | 3 4 5 6 8 |  8.3
Fighting       | 3 4 5 |  5.3
Dodging        | 3 4 5 |  5.3
Shields        | |  2.6

Action                     |  1- 3 |  4- 6 |  7- 9 || total
---------------------------+-------+-------+-------++-------
  Melee: Unarmed           |    84 |   151 |   121 ||   356
Ability: Lunge             |       |     2 |    13 ||    15
         Whirlwind         |       |       |    16 ||    16
    Use: Scroll            |     9 |     4 |     2 ||    15
   Stab: Sleeping          |       |     2 |     4 ||     6
         Distracted        |       |     1 |       ||     1
 Armour: Robe              |    15 |    38 |    13 ||    66
  Dodge: Dodged            |    18 |    44 |    32 ||    94
  Block: Kite shield       |    27 |    59 |    37 ||   123
